 Dungeon Crawl Stone Soup version 0.20.0-15-g7f486f2 (webtiles) character file.

269001 JeffiDaFish the Peltast (level 20, -4/131 HPs)
             Began as a Gargoyle Fighter on June 12, 2017.
             Was the Champion of Okawaru.
             Slain by an ettin
             ... wielding a +0 dire flail
              (52 damage)
             ... on level 2 of the Vaults on June 13, 2017.
             The game lasted 01:35:57 (35770 turns).

JeffiDaFish the Peltast (Gargoyle Fighter)         Turns: 35770, Time: 01:35:57

Health: -4/131     AC: 58    Str: 24    XL:     20   Next: 17%
Magic:  27/27      EV: 10    Int:  9    God:    Okawaru [******]
Gold:   3002       SH: 16    Dex: 15    Spells: 19/19 levels left

rFire    + . .     SeeInvis +   l - +7 morningstar (protect)
rCold    + + +     Gourm    .   c - +0 shield
rNeg     + . .     Faith    .   N - +4 gold dragon scales
rPois    ∞         Spirit   .   v - +0 helmet {SInv}
rElec    +         Reflect  .   x - +2 cloak {rC+}
rCorr    .         Harm     .   e - +1 pair of gloves {archery}
MR       +....                  u - +2 pair of boots {run}
Stlth    ..........             b - amulet of regeneration
Regen    0.8/turn               k - +3 ring of strength
MPRegen  0.2/turn               M - ring of the Pharaoh's Fist {rC+ Dex+2}

@: protection aura, flying, quick
A: big wings, clumsy 1, dopey 1, negative energy resistance 1, electricity
resistance, unbreathing, petrification resistance, rot immunity, sturdy frame 1,
AC +15
}: 2/15 runes: decaying, gossamer
a: Stop Flying, Heroism, Finesse, Renounce Religion


You were on level 2 of the Vaults.
You worshipped Okawaru.
Okawaru was exalted by your worship.
You were not hungry.

You visited 7 branches of the dungeon, and saw 34 of its levels.
You visited the Abyss 1 time.
You also visited: Labyrinth, Ice Cave and Volcano.

You collected 3804 gold pieces.
You spent 802 gold pieces at shops.

Inventory:

Hand Weapons
 l - a +7 morningstar of protection (weapon)
 L - a +7 flail of freezing
Armour
 c - a +0 shield (worn)
 e - a +1 pair of gloves of archery (worn)
 u - a +2 pair of boots of running (worn)
 v - a +0 helmet of see invisible (worn)
 x - a +2 cloak of cold resistance (worn)
 N - +4 gold dragon scales (worn)
Jewellery
 b - an amulet of regeneration (around neck)
 k - a +3 ring of strength (left hand)
 r - an uncursed ring of protection from magic
 M - the ring of the Pharaoh's Fist (right hand) {rC+ Dex+2}
   (You found it on level 3 of the Swamp)

   [ring of protection from cold]

   It affects your dexterity (+2).
   It protects you from cold.
Wands
 a - a wand of scattershot (8/9)
Scrolls
 g - 6 scrolls of teleportation
 i - 9 scrolls of identify
 m - 6 scrolls of fog
 p - 6 scrolls of fear
 q - 17 scrolls of remove curse
 w - 5 scrolls of recharging
 G - 3 scrolls of magic mapping
 I - a scroll of silence
Potions
 d - a potion of might
 h - a potion of ambrosia
 n - 4 potions of cancellation
 t - 2 potions of berserk rage
 A - 6 potions of curing
 C - 4 potions of brilliance
 D - 2 potions of haste
 E - 6 potions of heal wounds
 F - 3 potions of agility
 J - 6 potions of resistance
Books
 z - a book of the Warp

   Spells                             Type                      Level
   a - Gell's Gravitas                Translocation                3
   b - Portal Projectile              Hexes/Translocation          3
   c - Force Lance                    Conjuration/Translocation    4
   d - Dispersal                      Translocation                6
   e - Controlled Blink               Translocation                8
   f - Disjunction                    Translocation                8
Comestibles
 f - 20 bread rations
 j - 53 fruits
 o - 8 royal jellies
 s - 8 meat rations
 B - 18 chunks of flesh


   Skills:
 * Level 16.0 Fighting
 * Level 17.6 Maces & Flails
 * Level 16.0 Armour
 + Level 8.0 Dodging
 - Level 0.8 Stealth
 * Level 18.4 Shields
 + Level 9.9 Invocations


You had 19 spell levels left.
You didn't know any spells.

Dungeon Overview and Level Annotations

Branches:
Dungeon (15/15)            Temple (1/1) D:4            Lair (6/6) D:9
  Swamp (4/4) Lair:2       Spider (4/4) Lair:2        Slime (0/5) Lair:6
    Orc (2/2) D:10            Elf (0/3) Orc:2        Vaults (2/5) D:13
 Depths (0/5) D:15
  Crypt: Vaults:2-3

Altars:
Ashenzari
Cheibriados
Dithmenos
Fedhas
Gozag
Hepliaklqana
Makhleb
Nemelex Xobeh
Okawaru
Ru
Sif Muna
Trog
Uskayaw
Vehumet
Xom
Zin
The Shining One
Jiyva

Shops:
D:12 !   D:13 %   D:14 ?%!   D:15 }   Orc:2 !*[*


Innate Abilities, Weirdness & Mutations

You are resistant to torment.
Your stone body is resilient. (AC +15)
You are immune to poison.
Your large and strong wings let you fly indefinitely.
You resist negative energy. (rN+)
You are resistant to electric shocks. (rElec)
You can survive without breathing.
You are immune to petrification.
You are immune to rotting.
You are clumsy. (Dex -2)
You are dopey. (Int -2)
Your movements are slightly less encumbered by armour. (ER -2)


Message History

You block the yaktaur's attack. You block the ettin's attack.
The ettin hits you with a dire flail!!
You sock the yaktaur!
The yaktaur is severely wounded.
The orc warrior no longer looks unusually strong.
You block the vault guard's attack.
The orc knight roars a battlecry!
The orc warrior goes into a battle-frenzy!
You hit the yaktaur.
The yaktaur is severely wounded.
You block the yaktaur's attack. The ettin hits you but does no damage.
You block the ettin's attack.
You puncture the yaktaur!
You kill the yaktaur!
Okawaru accepts your kill.
The vault guard hits you but does no damage.
You bludgeon the ettin!!
The ettin is heavily wounded.
The ettin hits you with a dire flail!!!
You die...

.............# #......#
.............# #......#
.............# #......#
..(..........# #...>..#
###########''###†.....#
#......'......#
#...<..########
#.....C##########
#....@)pcco......
#......#ooo......
#......#.........
########...o.....
#......... #..?......
#......... #..!......


You could see a vault guard, an orc knight, an ettin, 2 yaktaurs, 2 orc warriors
and an orc.

Vanquished Creatures
  Bai Suzhen (Swamp:3)
  Rupert (Lair:5)
  The ghost of Caiaphas the Brawler, an adept TrMo of Okawaru (Swamp:3)
  Frances (D:14)
  2 thorn hunters
  Kirke (Swamp:3)
  An azure jelly (Swamp:4)
  A draconian knight (Abyss:2)
  2 orc warlords (Orc:1)
  3 vault wardens (Vaults:1)
  3 ghost moths (Spider:4)
  A deep elf sorcerer (Vaults:2)
  3 ironheart preservers (Vaults:1)
  4 entropy weavers
  2 very ugly things
  A red draconian (Volcano)
  2 spark wasps (Spider:4)
  An eidolon (Abyss:2)
  Josephine (Swamp:1)
  A minotaur (Lab)
  A fire dragon (D:14)
  A great orb of eyes (Vaults:2)
  13 hydras
  2 rakshasas (Vaults:1)
  5 ice dragons
  4 vault guards (Vaults:1)
  A centaur warrior (Volcano)
  Erica (D:8)
  3 ogre magi
  6 alligators
  13 two-headed ogres
  4 tengu warriors (D:14)
  3 death yaks (Lair:6)
  An orc high priest (Orc:2)
  Urug (Orc:1)
  2 thrashing horrors (Abyss:2)
  An iron troll (D:13)
  A wretched star (Abyss:2)
  A shadow wraith (Vaults:1)
  4 swamp dragons
  2 unseen horrors (D:10)
  A wizard (Vaults:1)
  A shambling mangrove (Swamp:1)
  8 ironbrand convokers
  A deep elf archer (Vaults:1)
  2 necromancers
  4 harpies (Vaults:1)
  4 orc knights
  20 orb spiders
  7 deep elf magi
  3 manticores
  9 orc sorcerers
  23 ugly things
  27 wolf spiders
  A worldbinder (Abyss:2)
  3 moths of wrath
  10 slime creatures
  An ice statue (IceCv)
  5 cyclopes
  A frost giant zombie (Vaults:2)
  A vault sentinel (Vaults:1)
  2 centaur zombies (D:11)
  20 elephants
  A black mamba (Lair:3)
  A gargoyle (D:12)
  A smoke demon (Abyss:2)
  The ghost of fantismo the Conjurer, a novice SpCj of Jiyva (D:8)
  18 spiny frogs
  A kobold demonologist (D:15)
  11 yaktaurs
  2 komodo dragons
  A rime drake (shapeshifter) (D:14)
  7 rime drakes
  7 demonic crawlers
  A yaktaur skeleton (Vaults:2)
  3 efreet
  15 freezing wraiths
  2 hellwings (D:11)
  6 polar bears
  A merfolk (D:8)
  3 meliai (D:14)
  2 ancient zymes (Abyss:2)
  8 raiju (Abyss:2)
  34 jumping spiders
  6 trolls
  7 tyrant leeches
  23 hornets
  7 dream sheep
  4 blink frogs (Lair:3)
  13 hippogriffs
  4 bog bodies
  2 ettin zombies (Abyss:2)
  2 meliai zombies
  A frost giant simulacrum (Vaults:1)
  4 shadows
  An ettin skeleton (Vaults:2)
  A ynoxinul (Abyss:2)
  84 redbacks
  31 tarantellas
  17 spriggans
  10 wraiths
  A vampire (D:14)
  8 wyverns
  A hog (shapeshifter) (Vaults:2)
  23 yaks
  A chaos spawn (Abyss:2)
  7 swamp worm simulacra (Swamp:4)
  5 basilisks
  2 hungry ghosts (D:11)
  A steam dragon (D:13)
  7 hogs
  20 vampire mosquitoes
  20 swamp worms
  5 insubstantial wisps (Swamp:3)
  13 hydra simulacra (Swamp:4)
  4 wargs
  An acid dragon (D:11)
  13 water moccasins
  7 porcupines
  2 sky beasts
  10 swamp drakes
  43 orc warriors
  10 black bears
  3 large abominations (Abyss:2)
  11 ice beasts
  A necrophage (D:9)
  4 phantoms
  An eye of draining (D:10)
  40 wolves
  4 boggarts (Lair:6)
  20 ogres
  26 centaurs
  An elf skeleton (Vaults:2)
  6 crocodiles
  8 big kobolds
  2 wyvern zombies (D:11)
  24 bullfrogs
  A wyvern skeleton (D:11)
  2 scorpions (D:9)
  4 small abominations (Abyss:2)
  14 killer bees
  A swamp dragon simulacrum (IceCv)
  11 wights
  12 electric eels
  6 howler monkeys
  7 crimson imps
  3 draconian simulacra (IceCv)
  5 starcursed masses (Abyss:2)
  4 hounds
  A quasit (Abyss:2)
  4 jellies
  36 orc priests
  Crazy Yiuf (D:2)
  5 centaur skeletons
  A bullfrog skeleton (D:8)
  Terence (D:2)
  Jessica (D:2)
  2 gnoll shamans (D:8)
  5 iguanas
  39 orc wizards
  13 worker ants
  2 spriggan simulacra (IceCv)
  6 troll simulacra (IceCv)
  A polar bear simulacrum (IceCv)
  2 wolf simulacra (IceCv)
  2 centaur simulacra (IceCv)
  A howler monkey zombie (D:8)
  2 worker ant zombies
  11 adders
  4 gnolls (D:4)
  A howler monkey skeleton (D:4)
  3 ogre simulacra (IceCv)
  4 naga simulacra (IceCv)
  5 shadow imps
  12 white imps (IceCv)
  An ufetubus (Abyss:2)
  An ooze (D:3)
  A swamp drake simulacrum (Swamp:4)
  An adder zombie (D:5)
  An adder skeleton (D:6)
  A worm (D:2)
  4 dart slugs
  4 leopard geckos
  106 orcs
  4 bats
  5 giant cockroaches
  4 goblins
  5 hobgoblins
  10 jackals
  17 kobolds
  3 quokkas
  2 ball pythons
  3 frilled lizards
  A jackal zombie (D:8)
  7 rats
  4 briar patches
  2 plants (D:8)
1377 creatures vanquished.

Vanquished Creatures (others)
  A swamp worm (Swamp:4)
  A hound (D:14)
  An orc priest (Orc:2)
  3 orc wizards
  An iron imp (Abyss:2)
  A briar patch (Swamp:2)
  5 fungi
  A plant (D:8)
  A withered plant (D:11)
15 creatures vanquished.

Grand Total: 1392 creatures vanquished

Notes
Turn   | Place    | Note
-------+----------+-------------------------------------------
     0 | D:1      | JeffiDaFish the Gargoyle Fighter began the quest for the Orb.
     0 | D:1      | Reached XP level 1. HP: 14/14 MP: 1/1
   351 | D:1      | Reached XP level 2. HP: 19/19 MP: 2/2
   585 | D:2      | Noticed Jessica
   589 | D:2      | Killed Jessica
   589 | D:2      | Reached skill level 4 in Shields
   589 | D:2      | Reached XP level 3. HP: 24/24 MP: 3/3
   752 | D:2      | Reached XP level 4. HP: 29/29 MP: 4/4
   808 | D:2      | Noticed Terence
   816 | D:2      | Killed Terence
   902 | D:2      | Found a runed door.
   906 | D:2      | Noticed Crazy Yiuf
   916 | D:2      | Killed Crazy Yiuf
   916 | D:2      | Reached XP level 5. HP: 32/33 MP: 5/5
  1247 | D:2      | Found a glowing golden altar of the Shining One.
  1521 | D:3      | Found a glowing silver altar of Zin.
  1540 | D:3      | You are sucked into a shaft!
  1607 | D:4      | Reached XP level 6. HP: 39/39 MP: 6/6
  1822 | D:4      | Reached skill level 5 in Shields
  1829 | D:4      | Found a staircase to the Ecumenical Temple.
  1856 | D:4      | Reached XP level 7. HP: 44/44 MP: 7/7
  2076 | Temple   | Entered the Ecumenical Temple
  2086 | Temple   | Became a worshipper of Warmaster Okawaru
  2143 | D:4      | Reached skill level 5 in Maces & Flails
  2208 | D:5      | Entered Level 5 of the Dungeon
  2281 | D:5      | Found a burning altar of Makhleb.
  2338 | D:5      | Reached * piety under Okawaru
  2407 | D:5      | Found a shadowy altar of Dithmenos.
  2430 | D:5      | Reached skill level 5 in Fighting
  2430 | D:5      | Reached skill level 6 in Shields
  2430 | D:5      | Reached XP level 8. HP: 49/49 MP: 8/8
  3085 | D:6      | Found a blossoming altar of Fedhas.
  3160 | D:6      | Reached skill level 5 in Armour
  3326 | D:6      | Reached ** piety under Okawaru
  3357 | D:6      | Found a sparkling altar of Nemelex Xobeh.
  3696 | D:7      | Found a shattered altar of Ashenzari.
  3816 | D:7      | Reached skill level 7 in Shields
  3906 | D:7      | Reached XP level 9. HP: 51/55 MP: 9/9
  4139 | D:7      | Reached *** piety under Okawaru
  4167 | D:7      | Reached skill level 8 in Shields
  4540 | D:7      | Noticed a deep elf mage
  4549 | D:7      | Killed a deep elf mage
  4730 | D:7      | Found an opulent altar of Gozag.
  4740 | D:7      | Found a shimmering altar of Xom.
  4861 | D:8      | Reached XP level 10. HP: 61/61 MP: 10/10
  4876 | D:8      | Noticed fantismo's ghost (novice SpCj)
  4891 | D:8      | Killed fantismo's ghost
  4891 | D:8      | Reached **** piety under Okawaru
  4891 | D:8      | Reached skill level 9 in Shields
  4934 | D:8      | Noticed a two-headed ogre
  4943 | D:8      | Killed a two-headed ogre
  5036 | D:8      | Reached skill level 10 in Maces & Flails
  5195 | D:8      | Gained mutation: You are clumsy. (Dex -2) [potion of mutation]
  5195 | D:8      | Gained mutation: You are dopey. (Int -2) [potion of mutation]
  5195 | D:8      | Gained mutation: Your movements are slightly less encumbered by armour. (ER -2) [potion of mutation]
  5206 | D:8      | Found a deep blue altar of Sif Muna.
  5557 | D:8      | Noticed a manticore
  5785 | D:8      | Reached ***** piety under Okawaru
  5785 | D:8      | Reached skill level 10 in Shields
  5836 | D:8      | Received a gift from Okawaru
  5924 | D:8      | Reached XP level 11. HP: 67/67 MP: 11/11
  5986 | D:8      | Reached skill level 1 in Dodging
  6170 | D:8      | Noticed Erica
  6253 | D:8      | Killed Erica
  6253 | D:8      | Reached skill level 11 in Shields
  6457 | D:8      | Killed a manticore
  6701 | D:8      | Received a gift from Okawaru
  7963 | D:9      | Found a staircase to the Lair.
  8189 | Lair:1   | Entered Level 1 of the Lair of Beasts
  8242 | D:9      | Reached skill level 12 in Shields
  8268 | D:9      | Reached XP level 12. HP: 43/75 MP: 12/12
  8650 | Lair:1   | Found a shattered altar of Ashenzari.
  8669 | Lair:1   | Found a frozen archway.
  8681 | Lair:1   | Reached ****** piety under Okawaru
  8737 | IceCv    | Entered an ice cave
  8753 | IceCv    | Received a gift from Okawaru
  8762 | IceCv    | Got a warped morningstar {god gift}
  8766 | IceCv    | Identified the +0 morningstar of Mourning {elec, rElec rF+ MP+9} (Okawaru gifted it to you in an ice cave)
  9197 | IceCv    | Reached skill level 13 in Shields
  9266 | IceCv    | Found an ancient bone altar of Kikubaaqudgha.
 10081 | Lair:1   | Received a gift from Okawaru
 10955 | Lair:2   | Reached XP level 13. HP: 79/80 MP: 13/13
 11019 | Lair:2   | Found a hole to the Spider Nest.
 11386 | Lair:2   | Found a staircase to the Swamp.
 11545 | Lair:3   | Reached skill level 10 in Fighting
 11545 | Lair:3   | Reached skill level 1 in Invocations
 11673 | Lair:3   | Received a gift from Okawaru
 11676 | Lair:3   | Got an ancient plate armour {god gift}
 11687 | Lair:3   | Identified the +0 plate armour of Okawaru's Castigation {-Tele rF+ rC+} (Okawaru gifted it to you on level 3 of the Lair of Beasts)
 12806 | Lair:4   | Reached skill level 10 in Armour
 12899 | Lair:4   | Identified the +1 chain mail "Naval" {Int+4} (You found it on level 4 of the Lair of Beasts)
 13050 | Lair:5   | Found a labyrinth entrance.
 13061 | Lab      | Entered a labyrinth
 13375 | Lab      | Noticed a minotaur
 13382 | Lab      | Killed a minotaur
 13389 | Lab      | Got a warped plate armour
 13401 | Lab      | Identified the +1 plate armour "Liquum" {rC++ Str+3 Dex-2} (You found it in a labyrinth)
 13484 | Lair:5   | Reached skill level 14 in Shields
 13499 | Lair:5   | Received a gift from Okawaru
 13663 | Lair:5   | Noticed Rupert
 13684 | Lair:5   | Killed Rupert
 13684 | Lair:5   | Gained mutation: Your large and strong wings let you fly indefinitely. [Gargoyle growth]
 13684 | Lair:5   | Reached XP level 14. HP: 90/90 MP: 16/16
 14060 | Lair:6   | Entered Level 6 of the Lair of Beasts
 14101 | Lair:6   | Found a viscous altar of Jiyva.
 14101 | Lair:6   | Found a staircase to the Slime Pits.
 15301 | Lair:6   | Received a gift from Okawaru
 15829 | D:10     | Entered Level 10 of the Dungeon
 16673 | D:10     | Found a staircase to the Orcish Mines.
 17106 | D:11     | Reached skill level 15 in Shields
 17113 | D:11     | Reached XP level 15. HP: 95/96 MP: 18/18
 17185 | D:11     | Found a blossoming altar of Fedhas.
 17540 | D:11     | You fall through a shaft!
 17632 | D:12     | Reached skill level 5 in Invocations
 18199 | D:12     | Found Baovuapn's Distillery.
 18211 | D:12     | Bought 2 potions of heal wounds for 130 gold pieces
 18211 | D:12     | Bought a potion of resistance for 130 gold pieces
 18211 | D:12     | Bought a potion of resistance for 130 gold pieces
 18520 | D:13     | Found a gate to the Vaults.
 18874 | D:13     | Found Feenecsa's Food Boutique.
 18971 | D:13     | Received a gift from Okawaru
 19404 | D:14     | Noticed Frances
 19548 | D:14     | Found Enkil's Distillery.
 19586 | D:14     | Found Jusoashi's Magic Scroll Emporium.
 19680 | D:14     | Found Inaano Iliaps's Food Shoppe.
 19762 | D:14     | Killed Frances
 19762 | D:14     | Reached skill level 15 in Maces & Flails
 19779 | D:14     | Received a gift from Okawaru
 19870 | D:14     | Bought a scroll of enchant weapon for 112 gold pieces
 19870 | D:14     | Bought a scroll of brand weapon for 300 gold pieces
 19883 | D:14     | Noticed an angel
 19888 | D:14     | Found a glowing silver altar of Zin.
 20097 | D:15     | Entered Level 15 of the Dungeon
 20138 | D:15     | Found Egganiomm's Gadget Emporium.
 20224 | D:15     | Received a gift from Okawaru
 20249 | D:15     | Found a staircase to the Depths.
 20353 | D:15     | Found a glowing golden altar of the Shining One.
 20865 | Orc:1    | Entered Level 1 of the Orcish Mines
 20941 | Orc:1    | Noticed Urug
 20950 | Orc:1    | Killed Urug
 21071 | Orc:2    | Entered Level 2 of the Orcish Mines
 21083 | Orc:2    | Noticed an orc warlord
 21105 | Orc:1    | Killed an orc warlord
 21105 | Orc:1    | Reached skill level 5 in Dodging
 21105 | Orc:1    | Reached XP level 16. HP: 92/104 MP: 20/20
 21425 | Orc:2    | Found a dark tunnel.
 21433 | Volcano  | Entered a volcano
 21479 | Volcano  | Found a radiant altar of Vehumet.
 21517 | Volcano  | Reached skill level 16 in Shields
 21517 | Volcano  | Reached XP level 17. HP: 91/109 MP: 22/22
 21938 | Orc:2    | Found Beal's Distillery.
 21938 | Orc:2    | Found Viysaf's Assorted Antiques.
 21949 | Orc:2    | Found Yfoch's General Store.
 21964 | Orc:2    | Found Toushry's Armour Shoppe.
 22197 | Orc:2    | Found a staircase to the Elven Halls.
 22942 | Orc:1    | Cast into level 2 of the Abyss (orc warlord)
 23271 | Abyss:2  | Found a corrupted altar of Lugonu.
 23444 | Abyss:2  | Received a gift from Okawaru
 23629 | Orc:1    | Escaped the Abyss
 23631 | Orc:1    | HP: 3/110 [shadow (5)]
 24035 | Swamp:1  | Entered Level 1 of the Swamp
 24424 | Swamp:1  | Noticed Josephine
 24491 | Swamp:1  | Killed Josephine
 25033 | Swamp:1  | Found a glowing golden altar of the Shining One.
 25474 | Swamp:2  | Received a gift from Okawaru
 25474 | Swamp:2  | Reached XP level 18. HP: 109/116 MP: 24/24
 25901 | Swamp:3  | Noticed Caiaphas's ghost (adept TrMo)
 25979 | Swamp:3  | Killed Caiaphas's ghost
 26160 | Swamp:3  | Got a flickering amber ring
 26161 | Swamp:3  | Identified the ring of the Pharaoh's Fist {rC+ Dex+2} (You found it on level 3 of the Swamp)
 26176 | Swamp:3  | Noticed Kirke
 26235 | Swamp:3  | Noticed Bai Suzhen
 26280 | Swamp:3  | Killed Bai Suzhen
 26965 | Swamp:4  | Entered Level 4 of the Swamp
 27357 | Swamp:4  | Reached skill level 17 in Shields
 27452 | Swamp:4  | Received a gift from Okawaru
 27552 | Swamp:4  | Identified a +2 pair of boots of running (Okawaru gifted it to you on level 4 of the Swamp)
 27753 | Swamp:4  | Got a decaying rune of Zot
 27973 | Swamp:3  | Killed Kirke
 28112 | Spider:1 | Entered Level 1 of the Spider Nest
 29112 | Spider:1 | You are sucked into a shaft!
 29719 | Spider:2 | Received a gift from Okawaru
 29849 | Spider:2 | Reached skill level 15 in Fighting
 30863 | Spider:3 | Reached XP level 19. HP: 123/124 MP: 25/25
 30901 | Spider:3 | Reached skill level 15 in Armour
 31352 | Spider:4 | Entered Level 4 of the Spider Nest
 32356 | Spider:4 | Received a gift from Okawaru
 33047 | Spider:4 | Got a gossamer rune of Zot
 33401 | Vaults:1 | Entered Level 1 of the Vaults
 33476 | Vaults:1 | Reached skill level 18 in Shields
 34271 | Vaults:1 | HP: 2/125 [wizard/fireball (17)]
 34819 | Vaults:1 | Reached XP level 20. HP: 116/131 MP: 27/27
 35275 | Vaults:1 | Received a gift from Okawaru
 35555 | Vaults:2 | Paralysed by a great orb of eyes for 5 turns
 35770 | Vaults:2 | Slain by an ettin

Skill      XL: |  1  2  3  4  5  6  7  8  9 10 11 12 13 14 15 16 17 18 19 20 |
---------------+-------------------------------------------------------------+-----
Shields        | 4 5 6 7 8 10 12 13 14 15 16 17 18 | 18.4
Fighting       | 4 5 6 7 8 9 11 12 13 14 15 16 | 16.0
Maces & Flails | 3 4 6 7 9 10 11 12 13 14 15 16 17 | 17.6
Armour         | 4 5 6 7 8 9 10 11 12 13 14 15 16 | 16.0
Dodging        | 1 2 4 5 6 7 8 |  8.0
Invocations    | 3 4 6 8 9 |  9.9
Stealth        | |  0.8

Action                   |  1- 3 |  4- 6 |  7- 9 | 10-12 | 13-15 | 16-18 | 19-21 || total
-------------------------+-------+-------+-------+-------+-------+-------+-------++-------
Melee: Flail             |    91 |   147 |   497 |  1102 |   223 |   632 |     3 ||  2695
       Morningstar       |       |       |       |   301 |  1708 |  1482 |  1104 ||  4595
       Unarmed           |       |       |       |       |       |     1 |       ||     1
Invok: Finesse           |       |       |       |       |       |     4 |     4 ||     8
 Abil: Fly               |       |       |       |       |     1 |       |       ||     1
  Use: Scroll            |     5 |     2 |     2 |     9 |    23 |    10 |     7 ||    58
       Potion            |     2 |     6 |     2 |     5 |     3 |     7 |     1 ||    26
 Stab: Petrified         |       |       |       |       |     2 |       |       ||     2
       Confused          |       |       |       |       |       |     2 |       ||     2
       Held in net/web   |       |       |       |       |       |     1 |       ||     1
  Eat: Chunk             |       |     4 |     5 |    19 |    36 |    32 |    16 ||   112
       Meat ration       |       |       |     1 |       |       |       |       ||     1
       Royal jelly       |       |       |       |     2 |       |       |     1 ||     3
Armor: Plate armour      |    71 |   101 |   322 |   925 |    92 |       |       ||  1511
       Scale mail        |     6 |       |       |       |       |       |       ||     6
       Gold dragon scale |       |       |       |       |  1121 |  1577 |   786 ||  3484
Dodge: Dodged            |    12 |    15 |    99 |   382 |   396 |   701 |   311 ||  1916
Block: Shield            |    59 |    69 |   271 |  1021 |  1268 |  1578 |   811 ||  5077
